 Dungeon Crawl Stone Soup version 0.18.1-8-gdd0e5ea (webtiles) character file.

37 kokalle the Insei (level 3, 0/33 HPs)
             Began as a Deep Dwarf Monk on May 29, 2016.
             Was an Initiate of Gozag.
             Slain by an orc
             ... wielding a +0 dagger
              (4 damage)
             ... on level 3 of the Dungeon.
             The game lasted 00:44:24 (1429 turns).

kokalle the Insei (Deep Dwarf Monk)                 Turns: 1429, Time: 00:44:25

Health: 0/33       AC:  3    Str: 15    XL:     3   Next: 21%
Magic:  12/12      EV: 13    Int: 10    God:    Gozag
Gold:   97         SH:  0    Dex: 15    Spells: 0 memorised, 2 levels left

rFire  . . .     SeeInvis +     l - -2 dagger (curse)
rCold  . . .     Gourm    .     t - +0 leather armour
rNeg   . . .     Faith    .     (no shield)
rPois  .         Spirit   .     (no helmet)
rElec  .         Dismiss  .     (no cloak)
rCorr  .         Reflect  .     (no gloves)
SustAt .         Harm     .     (no boots)
MR     .....                    (no amulet)
Stlth  ++........               c - ring of magical power
                                f - ring of see invisible

@: non-regenerating, not resistant to hostile enchantments, unstealthy
A: damage resistance, recharge devices, sense surroundings 1, slow regeneration
3
a: Device Recharging, Potion Petition, Call Merchant, Bribe Branch, Renounce
Religion


You were on level 3 of the Dungeon.
You worshipped Gozag.
Gozag was noncommittal.
You were not hungry.

You visited 1 branch of the dungeon, and saw 3 of its levels.

You collected 97 gold pieces.

Inventory:

Hand Weapons
 d - a +0 short sword
 g - a +0 short sword
 h - a +0 mace
 j - a +0 club
 k - a +0 short sword
 l - a cursed -2 dagger (weapon)
 m - a +0 mace
 n - a +0 dagger
 o - a +0 short sword
 q - a +0 mace
Missiles
 e - 41 stones (quivered)
 i - 5 large rocks
 p - 18 bolts
Armour
 a - a +0 robe
 t - a +0 leather armour (worn)
Jewellery
 c - a ring of magical power (right hand)
 f - a ring of see invisible (left hand)
Wands
 b - a wand of heal wounds (0/9)


   Skills:
 + Level 2.9 Fighting
 + Level 0.3 Throwing
 + Level 0.4 Armour
 + Level 3.8 Dodging
 + Level 2.6 Stealth
 + Level 3.9 Unarmed Combat
 + Level 0.3 Evocations


You had 2 spell levels left.
You didn't know any spells.

Dungeon Overview and Level Annotations

Branches:
Dungeon (3/15)

Altars:
Gozag


Innate Abilities, Weirdness & Mutations

You are resistant to damage.
You can recharge devices by infusing magical energy.
You passively map a small area around you.
You do not regenerate naturally.


Message History

p - 18 bolts You now have 97 gold pieces (gained 10).
An orc comes into view. It is wielding a dagger.
The orc shouts!
An orc comes into view. It is wielding a hand axe.
Throwing (i - inventory):
e - 42 stones (quivered)
Press: ? - help, Shift-Dir - straight line, f - orc
Aim: an orc, wielding a dagger and wearing a leather armour You throw a stone.
The stone closely misses the orc.
The orc closely misses you.
You hit the orc but do no damage. The orc hits you with a dagger.
* * * LOW HITPOINT WARNING * * *
Tossing away (i - inventory. (,) - cycle):
u - a needle of sleeping
Press: ? - help, Shift-Dir - straight line, f/p - orc
Aim: an orc, wielding a dagger and wearing a leather armour You toss away a needle of sleeping.
The needle of sleeping barely misses the orc.
The orc hits you with a dagger. x2
You die...
Your body crumbles into a pile of gold.

## ####
#.###############.##
#(o@..............##
#.###############.##
#. #.........## #.*
#.########## #.*
#.#......... *#o *
#.###.###### ,, .o
#.#......... #.
#.#.#.###### #.#...#
#


You could see an orc.

Vanquished Creatures
  An ooze (D:2)
  3 dart slugs
  2 giant geckos
  2 bats (D:1)
  A giant cockroach (D:2)
  2 goblins
  4 hobgoblins
  A giant newt (D:2)
  5 kobolds
  3 rats
24 creatures vanquished.

Notes
Turn   | Place    | Note
--------------------------------------------------------------
     0 | D:1      | kokalle the Deep Dwarf Monk began the quest for the Orb.
     0 | D:1      | Reached XP level 1. HP: 20/20 MP: 1/1
   243 | D:1      | Reached XP level 2. HP: 16/27 MP: 2/2
   810 | D:2      | Found an opulent altar of Gozag.
   817 | D:2      | Became a worshipper of Gozag Ym Sagoz the Greedy
  1092 | D:2      | Reached XP level 3. HP: 22/33 MP: 3/3
  1429 | D:3      | Slain by an orc

Action                   || total
-------------------------++-------
Melee: Short sword       ||    14
       Mace              ||    11
       Punch             ||     7
       Unarmed           ||     2
       Dagger            ||   191
Throw: Stone             ||    37
Evoke: Wand              ||     5
  Use: Scroll            ||     3
       Potion            ||     2
 Stab: Sleeping          ||     1
  Eat: Bread ration      ||     1
Armor: Robe              ||     9
       Leather armour    ||    26
Dodge: Dodged            ||   121
